AoeStats
← ✪Dynamic

QS Arena

503142383Analyzed
4v4 RM · 1mo ago on Aug 30, 2026· 38m 28s· 8 players
Game mode
Random Map
Map size
Large (8 player)
Population
200
Speed
Normal
Resources
Standard
Victory
Conquest
Starting age
Dark Age
Ending age
Imperial Age
RankedLock teamsTeams togetherTeam positionsShared explorationLock speedFull tech treeHidden civsTurbo modeCheats
Victory
Defeat
🇲🇽 Slavs · Mexico
1393
+15
🇮🇳 Bengalis · India
1373
+16
🇯🇵 Burmese · Japan
1364
+17
🇺🇸 Khmer · United States
1354
+17
🇹🇼 Teutons · Taiwan
1478
-21
🇹🇼 Persians · Taiwan
1435
-19
🇻🇳 Bohemians · Vietnam
1393
-17
🇹🇼 Britons · Taiwan
1221
-30
god comic
8:33 Feudal Age
12:22 Castle Age
11:52 Horse Collar
14:13 Gold Mining
16:13 Town Watch
17:33 Padded Archer Armor
22:23 Wheelbarrow
22:07 Heavy Plow
29:27 Imperial Age
27:58 Forging
27:35 Loom
28:06 Hand Cart
28:38 Scale Mail Armor
29:33 Squires
28:54 Pikeman
29:51 Chain Mail Armor
31:13 Plate Mail Armor
31:21 Fervor
31:29 Block Printing
31:52 Theocracy
30:49 Halberdier
32:02 Conscription
32:17 Illumination
32:22 Sanctity
32:50 Redemption
35:38 Gold Shaft Mining
35:29 Guilds
37:56 Atonement
37:57 Devotion
37:52 Herbal Medicine
[DH]Misratronic
8:56 Feudal Age
13:06 Castle Age
10:56 Double-Bit Axe
10:51 Horse Collar
21:08 Gold Mining
22:10 Wheelbarrow
23:31 Scale Mail Armor
26:45 Imperial Age
24:30 Chain Mail Armor
24:25 Forging
24:34 Hand Cart
24:04 Town Watch
24:04 Loom
24:23 Stone Mining
24:31 Guard Tower
25:22 Pikeman
26:02 Squires
26:47 Halberdier
26:48 Capped Ram
28:04 Plate Mail Armor
28:09 Iron Casting
28:44 Chemistry
28:09 Heavy Plow
28:22 Bow Saw
28:46 Ballistics
29:13 Detinets
29:16 Druzhina
29:36 Conscription
30:00 Detinets
31:25 Blast Furnace
34:00 Scale Barding Armor
34:35 Masonry
33:59 Light Cavalry
34:53 Bloodlines
34:43 Husbandry
35:54 Chain Barding Armor
35:00 Siege Ram
35:25 Hussar
39:10 Crop Rotation
✪Dynamic
1:51 Loom
7:16 Feudal Age
8:55 Town Watch
13:24 Castle Age
12:01 Double-Bit Axe
12:02 Horse Collar
14:42 Bow Saw
15:54 Fervor
15:59 Heavy Plow
16:08 Gold Mining
18:44 Sanctity
22:39 Redemption
25:40 Bloodlines
25:30 Husbandry
28:03 Imperial Age
26:25 Light Cavalry
28:03 Wheelbarrow
29:02 Siege Elephant
33:22 Scale Barding Armor
34:24 Elite Battle Elephant
36:57 Chain Barding Armor
36:47 Forging
Abhinavcj
7:53 Feudal Age
10:34 Castle Age
8:27 Double-Bit Axe
8:34 Horse Collar
13:12 Bow Saw
13:02 Heavy Plow
13:17 Heavy Plow
16:24 Wheelbarrow
17:56 Hand Cart
17:52 Gold Mining
19:11 Gold Shaft Mining
24:05 Imperial Age
22:45 Scale Barding Armor
22:53 Forging
23:14 Loom
23:42 Bloodlines
23:32 Husbandry
23:54 Chain Barding Armor
25:09 Iron Casting
24:19 Elite Battle Elephant
24:57 Stone Mining
26:11 Plate Barding Armor
26:31 Crop Rotation
27:56 Blast Furnace
27:57 Devotion
33:14 Pikeman
33:40 Arson
33:56 Scale Mail Armor
34:00 Tusk Swords
34:23 Conscription
35:20 Chain Mail Armor
35:54 Halberdier
TSAO BING
7:57 Feudal Age
8:52 Double-Bit Axe
10:32 Loom
13:28 Castle Age
11:53 Horse Collar
15:21 Heavy Plow
19:05 Loom
20:58 Wheelbarrow
20:59 Town Watch
22:34 Gold Mining
23:01 Bow Saw
24:00 Masonry
24:02 Fortified Wall
24:13 Bloodlines
24:12 Scale Barding Armor
24:17 Forging
24:49 Ballistics
24:50 Hand Cart
28:37 Imperial Age
27:20 Iron Casting
27:06 Chain Barding Armor
27:22 Town Patrol
28:33 Fletching
28:51 Cavalier
31:33 Plate Barding Armor
31:58 Blast Furnace
31:19 Onager
37:30 Chemistry
36:30 Bodkin Arrow
35:59 Paladin
37:58 Conscription
37:24 Man-at-Arms
37:50 Gambesons
38:05 Squires
37:51 Arson
38:16 Long Swordsman
Ti Kiat
8:52 Feudal Age
13:30 Castle Age
13:26 Double-Bit Axe
13:23 Horse Collar
16:14 Fervor
17:12 Fletching
28:18 Fortified Wall
30:51 Chemistry
33:45 Pikeman
鈸小棒
8:15 Feudal Age
9:05 Loom
11:46 Castle Age
9:46 Double-Bit Axe
10:20 Horse Collar
13:00 Bow Saw
19:00 Heavy Plow
19:57 Gold Mining
27:01 Town Watch
27:56 Wheelbarrow
27:20 Fletching
30:18 Imperial Age
30:24 Imperial Age
30:48 Murder Holes
波斯小象
9:01 Feudal Age
9:48 Horse Collar
9:59 Double-Bit Axe
12:25 Castle Age
13:22 Bow Saw
13:19 Heavy Plow
13:42 Heavy Plow
18:34 Wheelbarrow
21:05 Hand Cart
22:42 Stone Mining
22:42 Gold Mining
23:21 Loom
23:29 Stone Mining
24:15 Gold Shaft Mining
27:38 Imperial Age
24:54 Town Watch
26:31 Scale Barding Armor
27:29 Elite War Elephant
28:38 Chain Barding Armor
28:31 Forging
29:25 Crop Rotation
29:58 Two-Man Saw
31:01 Plate Barding Armor
31:25 Iron Casting
31:34 Husbandry
31:44 Bloodlines
32:26 Stone Shaft Mining
32:45 Conscription
32:49 Fletching
33:59 Blast Furnace
34:00 Bodkin Arrow
34:30 Devotion
Connection lost

Rejoining the realm…

Still unreachable

The connection could not be restored.

Session expired

The server has moved on; the page needs a fresh start.